 Dungeon Crawl Stone Soup version 0.16-a0-3946-g4f19e5c (webtiles) character file.

2937 abixa the Summoner (level 9, 0/47 HPs)
             Began as a Vine Stalker Summoner on Feb 9, 2015.
             Was a Priest of Sif Muna.
             Killed from afar by an electric eel (11 damage)
             ... with a bolt of electricity
             ... on level 8 of the Dungeon.
             The game lasted 00:34:53 (7104 turns).

abixa the Summoner (Vine Stalker Summoner)          Turns: 7104, Time: 00:34:53

Health: 0/47       AC:  5    Str: 11    XL:     9   Next: 80%
Magic:  0/18       EV: 11    Int: 18    God:    Sif Muna [***...]
Gold:   552        SH:  0    Dex: 15    Spells: 3 memorised, 6 levels left

rFire  . . .     SeeInvis .     d - +2 whip (drain) (curse)
rCold  . . .     Clarity  .     t - +0 leather armour (curse)
rNeg   . . .     SustAb   .     (no shield)
rPois  .         Gourm    .     (no helmet)
rElec  .         Spirit   +     (no cloak)
rCorr  .         Warding  .     O - +0 pair of gloves
rMut   .         Stasis   .     P - +0 pair of boots
MR     ++...                    (no amulet)
Stlth  ++........               (no ring)
                                u - ring of protection from magic

@: very resistant to hostile enchantments, unstealthy
A: fangs 3, regeneration 2, magic shield, antimagic bite, no device heal 3, rot
immunity
a: Channel Energy, Forget Spell, Renounce Religion


You were on level 8 of the Dungeon.
You worshipped Sif Muna.
Sif Muna was most pleased with you.
You were hungry.

You visited 1 branch of the dungeon, and saw 8 of its levels.
You also visited: Ossuary.

You collected 552 gold pieces.

Inventory:

Hand weapons
 b - a cursed +0 hunting sling
 d - a cursed +2 whip of draining (weapon)
 g - a +1 dagger of venom
 x - a cursed -2 halberd
 Q - a +0 blowgun
Missiles
 l - 176 stones (quivered)
 m - 4 needles of slowing
 w - 5 throwing nets
 D - 24 poisoned needles
 G - 14 silver sling bullets
 K - 4 tomahawks
Armour
 a - a +0 robe
 t - a cursed +0 leather armour (worn)
 y - the +0 robe of the Original Sin {rC+ Regen+ MP-9}
   (You found it on level 4 of the Dungeon)

   It protects you from cold.
   It affects your magic capacity (-9).
   It increases your rate of regeneration.
 O - a +0 pair of gloves (worn)
 P - a +0 pair of boots (worn)
Jewellery
 u - a ring of protection from magic (left hand)
Magical devices
 R - a wand of hasting (5)
 W - a wand of lightning (5)
Scrolls
 h - 9 scrolls of remove curse
 k - 3 scrolls of recharging {unknown}
 r - 2 scrolls of identify {unknown}
 B - 2 scrolls of enchant armour {unknown}
 E - 4 scrolls of teleportation {unknown}
 F - a scroll of fog {unknown}
 H - a scroll of magic mapping {unknown}
 N - 2 scrolls of enchant weapon {unknown}
 T - a scroll of noise {unknown}
 U - a scroll of holy word {unknown}
 V - 2 scrolls of random uselessness {unknown}
 Y - a scroll of blinking {unknown}
Potions
 e - a potion of cancellation {unknown}
 i - 5 potions of curing {unknown}
 n - a potion of flight {unknown}
 o - a potion of resistance {unknown}
 s - 5 potions of heal wounds {unknown}
 v - 2 potions of brilliance {unknown}
 z - a potion of lignification {unknown}
 I - a potion of restore abilities {unknown}
 J - 2 potions of haste {unknown}
 L - 2 potions of agility {unknown}
 M - a potion of might {unknown}
 X - a potion of magic {unknown}
Books
 A - a book of Callings

   Spells                             Type                      Level
   a - Summon Small Mammal            Summoning                    1
   b - Call Imp                       Summoning                    2
   c - Call Canine Familiar           Summoning                    3
   d - Summon Guardian Golem          Hexes/Summoning              4
   e - Summon Lightning Spire         Summoning/Air                4
   f - Summon Ice Beast               Ice/Summoning                4
 C - a book of Geomancy

   Spells                             Type                      Level
   a - Sandblast                      Earth                        1
   b - Stoneskin                      Transmutation/Earth          2
   c - Passwall                       Transmutation/Earth          3
   d - Stone Arrow                    Conjuration/Earth            3
   e - Petrify                        Transmutation/Earth          4
   f - Lee's Rapid Deconstruction     Earth                        5
 S - a Grand Grimoire {highlevel, unknown}

   This book is beyond your current level of understanding.

   Spells                             Type                      Level
   a - Aura of Abjuration             Summoning                    6
   b - Summon Greater Demon           Summoning                    7
   c - Malign Gateway                 Summoning/Translocation      7
   d - Summon Horrible Things         Summoning                    8
Comestibles
 c - 4 bread rations
 f - a slice of pizza
 j - 4 meat rations
 p - a royal jelly
 q - a beef jerky


   Skills:
 + Level 5.2 Fighting
 - Level 1.5 Dodging
 - Level 2.4 Stealth
 - Level 2.1 Spellcasting
 + Level 12.2 Summonings


You had 6 spell levels left.
You knew the following spells:

 Your Spells              Type           Power        Failure   Level  Hunger
a - Summon Small Mammal   Summ           ####         1%          1    #......
b - Call Imp              Summ           #####...     1%          2    ###....
c - Call Canine Familiar  Summ           #####...     1%          3    ###....


Dungeon Overview and Level Annotations

Branches:
Dungeon (8/15)             Temple (0/1) D:5
   Lair: D:8-11

Altars:
Cheibriados
Elyvilon
Sif Muna
Trog
Yredelemnul
Zin


Innate Abilities, Weirdness & Mutations

You have razor-sharp teeth.
You heal very quickly.
When hurt, damage is shared between your health and your magic reserves.
Your bite disrupts and absorbs the magic of your enemies.
Potions and wands cannot restore your health.
You are immune to rotting.


Message History

* * * LOW HITPOINT WARNING * * *
Casting: Call Imp
Confirm with . or Enter, or press ? or * to list all spells.
A beastly little devil appears in a puff of flame.
The bolt of electricity hits your hound.
Your hound dies!
Your hound's corpse disappears in a puff of smoke!
What do you say? t - Shout!
Orders for allies: a - Attack new target. p - Attack previous target. r - Retreat! s - Stop attacking. w - Wait here. f - Follow me.
Anything else - Stay silent.
Gang up on whom?
Press: ? - help, Dir - move target cursor, f/p - electric eel
Aim: an electric eel (water) Attack!
The electric eel shoots out a bolt of lightning at you!
The bolt of electricity hits you!
You die...

.....
#.....#.#####.#...##....
......
#...........#.#...##.###
......
######......#.#...'..#
...... #......#.#...####
.#### ######'####.###.#
..#
#######.......###.....#
..≈.
.........5...^#....####
.;≈.
.............†.#....#
≈≈.
.≈≈....5...@........# ≈≈
≈≈≈;≈§...######.....#
≈≈≈≈≈..## #.....#
≈≈..%.. #.##.## ≈≈≈≈≈..
#..#[# ...... ##.#.#
≈≈;.. .... ≈≈.. .#.# .
...#


You could see an electric eel, a friendly crimson imp and a friendly white imp.

Vanquished Creatures
  3 ice beasts
  A black bear (D:7)
  A phantom (D:6)
  A centaur (D:5)
  An elf zombie (Ossuary)
  A water moccasin zombie (D:7)
  A giant frog (D:7)
  Dowan (D:6)
  A goliath beetle (D:7)
  A hound (D:5)
  A centaur zombie (Ossuary)
  A centaur skeleton (D:6)
  3 orc priests
  3 gnoll shamans (D:3)
  2 orc wizards (D:6)
  2 worker ants
  2 mummies (Ossuary)
  23 gnolls
  5 adders
  4 giant mites
  A worm (D:2)
  3 adder zombies (Ossuary)
  5 giant geckos
  2 oozes
  26 orcs
  3 ball pythons
  5 giant cockroaches
  8 goblins
  13 hobgoblins
  15 jackals
  13 kobolds
  3 quokkas (D:4)
  8 bats
  5 giant newts
  3 gnoll zombies (Ossuary)
  2 goblin zombies (Ossuary)
  A hobgoblin zombie (Ossuary)
  4 jackal zombies (Ossuary)
  An orc zombie (Ossuary)
  A quokka skeleton (D:6)
  4 quokka zombies (Ossuary)
  14 rats
  A rat zombie (Ossuary)
199 creatures vanquished.

Vanquished Creatures (collateral kills)
  A troll (D:8)
  A hungry ghost (D:7)
  2 black bears
  A phantom (D:5)
  2 ice beasts
  3 ogres
  2 orc warriors
  Duvessa (D:6)
  2 giant frogs (D:7)
  A gnoll sergeant (D:3)
  3 scorpions
  A giant frog zombie (D:5)
  2 hounds (D:4)
  2 giant frog skeletons
  2 gnoll shamans
  A centaur zombie (Ossuary)
  An iguana (D:6)
  2 worker ants (D:5)
  3 orc wizards
  A big kobold zombie (Ossuary)
  3 hound zombies
  A mummy (Ossuary)
  16 gnolls
  A shadow imp (D:7)
  A worm (D:3)
  3 adder zombies (Ossuary)
  10 orcs
  A hobgoblin (D:4)
  3 jackals (D:3)
  3 kobolds
  A quokka (D:5)
  2 bats (D:4)
  2 goblin zombies (Ossuary)
  A jackal zombie (Ossuary)
  A kobold zombie (Ossuary)
  An orc zombie (Ossuary)
  A quokka zombie (Ossuary)
  A rat (D:2)
  2 rat zombies (Ossuary)
88 creatures vanquished.

Vanquished Creatures (others)
  A wolf (D:6)
  3 crimson imps
  4 hounds
  4 shadow imps
  8 white imps
  9 quokkas
  A ball python (D:2)
  5 bats
  5 rats
40 creatures vanquished.

Grand Total: 327 creatures vanquished

Notes
Turn   | Place    | Note
--------------------------------------------------------------
     0 | D:1      | abixa, the Vine Stalker Summoner, began the quest for the Orb.
     0 | D:1      | Reached XP level 1. HP: 9/9 MP: 3/3
   206 | D:1      | Reached XP level 2. HP: 13/13 MP: 1/5
   367 | D:1      | Learned a level 2 spell: Call Imp
   494 | D:1      | Reached XP level 3. HP: 16/16 MP: 4/7
   585 | D:1      | Reached skill level 5 in Summonings
   719 | D:2      | Found a snail-covered altar of Cheibriados.
   798 | D:2      | Found a white marble altar of Elyvilon.
   828 | D:2      | Reached XP level 4. HP: 14/21 MP: 4/8
  1164 | D:3      | Learned a level 3 spell: Call Canine Familiar
  1221 | D:3      | Found a deep blue altar of Sif Muna.
  1227 | D:3      | Became a worshipper of Sif Muna the Loreminder
  1260 | D:3      | Reached skill level 6 in Summonings
  1386 | D:3      | Reached XP level 5. HP: 24/24 MP: 11/11
  2250 | D:3      | Reached skill level 7 in Summonings
  2257 | D:3      | Gained mutation: You heal very quickly. [vine stalker growth]
  2257 | D:3      | Reached XP level 6. HP: 22/28 MP: 12/12
  2343 | D:3      | Acquired Sif Muna's first power
  2544 | D:3      | Reached skill level 8 in Summonings
  2622 | D:3      | Reached XP level 7. HP: 26/32 MP: 9/14
  2633 | D:3      | Noticed a gnoll sergeant
  2673 | D:3      | Killed a gnoll sergeant
  2910 | D:4      | Got a thick robe
  2921 | D:4      | Identified the cursed +0 robe of the Original Sin {rC+ Regen+ MP-9} (You found it on level 4 of the Dungeon)
  3183 | D:4      | Reached skill level 9 in Summonings
  3521 | D:5      | Entered Level 5 of the Dungeon
  3553 | D:5      | Acquired Sif Muna's second power
  3975 | D:5      | Gained mutation: You have razor-sharp teeth. [vine stalker growth]
  3975 | D:5      | Reached XP level 8. HP: 32/36 MP: 14/16
  4261 | D:5      | Reached skill level 10 in Summonings
  4411 | D:5      | Found a staircase to the Ecumenical Temple.
  4563 | D:6      | Found a sand-covered staircase.
  4604 | D:6      | Noticed Duvessa
  4604 | D:6      | Noticed Dowan
  4641 | D:6      | Killed Duvessa
  4648 | D:6      | Killed Dowan
  4668 | Ossuary  | Entered an ossuary
  5037 | Ossuary  | Reached skill level 11 in Summonings
  5160 | D:6      | Reached skill level 1 in Fighting
  5346 | D:6      | Reached XP level 9. HP: 23/43 MP: 6/18
  6050 | D:7      | Found a glowing silver altar of Zin.
  6303 | D:7      | Found a basalt altar of Yredelemnul.
  6394 | D:7      | Found a bloodstained altar of Trog.
  6416 | D:7      | Reached skill level 12 in Summonings
  6741 | D:7      | Noticed a hill giant
  7021 | D:8      | Reached skill level 5 in Fighting
  7104 | D:8      | Killed from afar by an electric eel

Action                   |  1- 3 |  4- 6 |  7- 9 || total
-------------------------+-------+-------+-------++-------
Melee: Whip              |    73 |   179 |   509 ||   761
       Spear             |       |    11 |       ||    11
 Fire: Hunting sling     |       |       |     3 ||     3
Throw: Stone             |       |       |     7 ||     7
 Cast: Summon Small Mamm |    15 |    36 |     3 ||    54
       Call Imp          |       |    10 |    50 ||    60
       Call Canine Famil |       |       |    12 ||    12
  Use: Scroll            |       |       |     1 ||     1
 Stab: Sleeping          |     2 |     1 |     3 ||     6
       Distracted        |       |     5 |     4 ||     9
  Eat: Chunk             |       |     7 |    19 ||    26
